 Dungeon Crawl Stone Soup version 0.27-a0-1065-ge809cff456 (webtiles) character file.

Game seed: 15540730139879037756

1589 kae the Ruffian (level 8, -1/79 HPs)
             Began as a Pale Draconian Transmuter on Apr 22, 2021.
             Slain by an orc warrior
             ... wielding a +2 flail of holy wrath
              (13 damage)
             ... on level 6 of the Dungeon.
             The game lasted 00:03:33 (7194 turns).

kae the Ruffian (Pale Draconian Transmuter)         Turns: 7194, Time: 00:03:34

Health: -1/79      AC:  5    Str: 21    XL:     8   Next: 61%
Magic:  10/13      EV: 10    Int: 13    God:
Gold:   275        SH:  0    Dex: 12    Spells: 1/14 levels left

rFire    x . .     SeeInvis .     - Unarmed
rCold    + + +     Faith    .   (shield currently unavailable)
rNeg     . . .     Spirit   .   (armour unavailable)
rPois    +         Reflect  .   (helmet currently unavailable)
rElec    .         Harm     .   (cloak currently unavailable)
rCorr    .         Rampage  .   (gloves currently unavailable)
Will     .....                  (boots currently unavailable)
Stlth    +.........             (no amulet)
HPRegen  0.23/turn              a - +6 ring of strength
MPRegen  0.13/turn              f - ring of wizardry

@: ice-form
A: freezing attack, amphibious, boosted hp, (breathe steam), AC +6, large,
unfitting armour, (cold-blooded), (steam resistance)
a: End Transformation


You were on level 6 of the Dungeon.
You were a creature of crystalline ice.
You visited 1 branch of the dungeon, and saw 6 of its levels.
You also visited: Sewer.

You collected 275 gold pieces.

Inventory:

Missiles
 g - 2 throwing nets
Armour
 b - a +1 cloak (melded)
Jewellery
 a - a +6 ring of strength (left front paw)
 f - a ring of wizardry (right front paw)
 l - an amulet of faith
 m - an amulet of guardian spirit
Wands
 p - a wand of mindburst (12)
Scrolls
 i - 2 scrolls of magic mapping
Potions
 c - 2 potions of lignification
 d - 3 potions of ambrosia
 e - 3 potions of flight
 h - a potion of heal wounds
 j - 3 potions of invisibility {unknown}
 k - 3 potions of curing {unknown}
 n - a potion of haste
 o - a potion of berserk rage {unknown}


   Skills:
 + Level 4.0 Fighting
 + Level 3.7 Dodging
 * Level 5.9 Unarmed Combat
 + Level 3.8 Spellcasting
 * Level 5.5 Transmutations
 - Level 4.0 Ice Magic
 - Level 2.0 Poison Magic


You had one spell level left.
You knew the following spells:

 Your Spells              Type           Power      Damage    Failure   Level
a - Beastly Appendage     Tmut           34%        N/A       1%          1
b - Spider Form           Tmut/Pois      6%         N/A       5%          3
c - Ice Form              Ice/Tmut       14%        N/A       12%         4
d - Hydra Form            Tmut           8%         N/A       24%         5

Your spell library contained the following spells:

 Spells                   Type           Power      Damage    Failure   Level
 Apportation              Tloc           4%         N/A       9%          1
 Foxfire                  Conj/Fire      8%         2x1d4     9%          1
 Wereblood                Tmut           17%        N/A       1%          2
 Conjure Flame            Conj/Fire      2%         6-21      26%         3
 Inner Flame              Hex/Fire       2%         N/A       26%         3
 Lesser Beckoning         Tloc           1%         N/A       26%         3
 Tukima's Dance           Hex            2%         N/A       26%         3
 Alistair's Intoxication  Tmut/Pois      8%         N/A       43%         5
 Sticky Flame             Conj/Fire      2%         2d3       61%         4
 Fireball                 Conj/Fire      1%         3d3       90%         5
 Invisibility             Hex            2%         N/A       100%        6


Dungeon Overview and Level Annotations

Branches:
Dungeon (6/15)              Sewer (visited)
 Temple: D:4-7

Altars:
Gozag

Shops:
D:2 =   D:6 [

Annotations:
D:6 1 runed translucent door, Crazy Yiuf


Innate Abilities, Weirdness & Mutations

You are a creature of crystalline ice.
You have a powerful freezing melee attack.
You are amphibious.
Your maximum health is increased.
Your armour is entirely melded.
You are incapable of wielding weapons or throwing items.
((You can breathe blasts of scalding, opaque steam.))
((Your pale cyan-grey scales are hard. (AC +6)))
You cannot fit into any form of body armour.
((You are cold-blooded and may be slowed by cold attacks.))
((You are immune to the effects of steam.))


Message History

The orc warrior seems to speed up.
The orc warrior throws a stone.
The stone closely misses you.
The orc warrior throws a stone.
The stone hits you but does no damage.
A gnoll comes into view. It is wielding a +0 flail.
The gnoll shouts!
The orc warrior throws a stone.
The stone hits you!
The orc throws a stone.
The stone hits you but does no damage.
An orc wizard comes into view.
It is wielding a +0 dagger and wearing a +2 robe of willpower.
A gnoll comes into view. It is wielding a +0 club.
The gnoll shouts!
You hear a shout!
The orc warrior zaps a wand.
The mass of ice explodes!
The iceblast engulfs you! You partially resist.
The orc throws a stone.
The stone hits you but does no damage.
The orc warrior throws a stone.
The stone barely misses you.
The gnoll moves out of view.
A gnoll comes into view. It is wielding a +0 halberd.
The orc warrior zaps a wand.
The mass of ice explodes!
The iceblast engulfs you. You partially resist.
The orc throws a stone.
The stone completely misses you.
You hear a shout! x2
The orc closely misses you.
The orc warrior hits you with a +2 flail of holy wrath!
An orc comes into view. It is wielding a +0 hand axe.
The gnoll hits you with a +0 flail!
You punch the orc warrior! You freeze the orc warrior.
The orc warrior is moderately wounded.
The orc warrior hits you with a +2 flail of holy wrath!
* * * LOW HITPOINT WARNING * * *
An ogre comes into view. It is wielding a +0 giant club.
The orc hits you with a +0 flail.
* * * LOW HITPOINT WARNING * * *
Okay, then.
You feel much better.
The orc warrior hits you with a +2 flail of holy wrath!
The gnoll barely misses you. The orc hits you but does no damage.
The orc warrior hits you with a +2 flail of holy wrath!!
* * * LOW HITPOINT WARNING * * *
The orc warrior closely misses you.
There is an escape hatch in the ceiling here.
The orc warrior hits you with a +2 flail of holy wrath!
You die...

# ##.... #
...##....#. ###
..O#...... .##..
..o...... .....
##..g....# #.. .....
#.##.....######...
##)..
.....g.g...(.......
##..
......ooY..........
#..
#......o..........#
#..
##..###...........#
#.. . ###.........#
##..
##........####...
#.....>....##...
#...............
##.........#.....
.####......########..


You could see an orc warrior (fast), an ogre, an orc wizard, 3 gnolls and 2
orcs.

Vanquished Creatures
  Grinder (D:6)
  Eustachio (D:4)
  Purgy (Sewer)
  A black bear (D:4)
  A sky beast (D:6)
  3 necrophages
  An ogre (D:4)
  A bullfrog (D:4)
  4 scorpions
  2 bullfrog zombies
  2 hounds
  A jelly (D:4)
  A centaur skeleton (D:4)
  3 adders
  2 river rats (D:5)
  A white imp (D:6)
  An adder skeleton (D:4)
  2 dart slugs (D:5)
  15 orcs
  4 ball pythons
  6 endoplasms
  5 giant cockroaches
  10 goblins
  3 hobgoblins
  9 jackals
  6 quokkas
  7 bats
  A frilled lizard (D:3)
  14 kobolds
  8 rats
117 creatures vanquished.

Vanquished Creatures (others)
  A plant (D:3)
1 creature vanquished.

Grand Total: 118 creatures vanquished

Notes
Turn   | Place    | Note
-------+----------+-------------------------------------------
     0 | D:1      | kae the Draconian Transmuter began the quest for the Orb.
     0 | D:1      | Reached XP level 1. HP: 16/16 MP: 3/3
   512 | D:1      | Reached XP level 2. HP: 15/23 MP: 3/5
  1010 | D:1      | Found a faded altar of an unknown god.
  1631 | D:1      | Reached XP level 3. HP: 28/28 MP: 6/6
  1635 | D:1      | Learned a level 3 spell: Spider Form
  1661 | D:2      | Found Duaghiuv's Jewellery Boutique.
  2571 | D:3      | Noticed a necrophage
  2580 | D:3      | Killed a necrophage
  2581 | D:3      | Reached skill level 1 in Poison Magic
  2581 | D:3      | Reached XP level 4. HP: 23/36 MP: 5/7
  2720 | D:3      | Reached XP level 5. HP: 32/41 MP: 8/8
  2811 | D:3      | Learned a level 4 spell: Ice Form
  3790 | D:4      | Reached skill level 1 in Ice Magic
  3916 | D:4      | Noticed a necrophage
  3931 | D:4      | Killed a necrophage
  3932 | D:4      | Reached XP level 6. HP: 29/50 MP: 6/10
  4069 | D:4      | Found an opulent altar of Gozag.
  4661 | D:4      | Your scales start taking on a pale cyan-grey colour.
  4661 | D:4      | Reached XP level 7. HP: 54/56 MP: 7/11
  4661 | D:4      | Gained mutation: You are immune to the effects of steam.
                  | [Pale Draconian growth]
  4788 | D:4      | Noticed Eustachio
  4824 | D:4      | Killed Eustachio
  5777 | D:5      | Entered Level 5 of the Dungeon
  5889 | D:5      | Reached skill level 5 in Unarmed Combat
  6266 | D:5      | Reached XP level 8. HP: 63/63 MP: 8/13
  6353 | D:5      | Found a glowing drain.
  6365 | Sewer    | Entered a sewer
  6493 | Sewer    | Noticed Purgy
  6504 | Sewer    | Killed Purgy
  6505 | Sewer    | Reached skill level 5 in Transmutations
  6960 | D:6      | Found Joiquor's Armour Shoppe.
  6977 | D:6      | Noticed Grinder
  6977 | D:6      | Paralysed by Grinder for 3 turns
  6994 | D:6      | Killed Grinder
  7111 | D:6      | Learned a level 5 spell: Hydra Form
  7146 | D:6      | Found a runed translucent door.
  7147 | D:6      | Noticed Crazy Yiuf
  7194 | D:6      | Slain by an orc warrior

Illustrated notes

Levels and vault maps discovered:
D:1:      dpeg_arrival_tiny_h, layout_basic, chequers_ecumenical_altar_island
D:2:      layout_basic, serial_shops, shop, minmay_cupped
D:3:      minmay_octagon_keep, layout_basic, chequers_big_river,
          grunt_ministairs_3, minivault_14, kennysheep_potato
D:4:      layout_basic, lemuel_tele_altar, minmay_crystal_water,
          chequers_mini_garden, st_stairs_7, nrook_uturn, uniq_eustachio
D:5:      layout_cave_pools, portal_sewer_entry_e, minmay_misc_feat_x
D:6:      layout_layer_cave, xom_teletrap_fun, gammafunk_temple_overflow_wave,
          serial_shops, shop, uniq_grinder, uniq_crazy_yiuf_cottage

Skill      XL: |  1  2  3  4  5  6  7  8 |
---------------+-------------------------+-----
Dodging        | 2 3 |  3.7
Fighting       | 2 3 4 |  4.0
Transmutations | 3 4 5 |  5.5
Poison Magic   | 1 2 |  2.0
Unarmed Combat | 4 5 |  5.9
Ice Magic      | 1 2 3 4 |  4.0
Spellcasting   | 3 |  3.8

Action                   |  1- 3 |  4- 6 |  7- 9 || total
-------------------------+-------+-------+-------++-------
Melee: Unarmed           |   127 |   112 |   138 ||   377
       Tailslap          |    14 |     4 |     2 ||    20
       Kick              |    13 |     8 |       ||    21
       Headbutt          |     8 |     4 |       ||    12
       Punch             |     1 |       |       ||     1
 Cast: Beastly Appendage |    20 |     9 |       ||    29
       Spider Form       |       |     7 |     8 ||    15
       Ice Form          |       |       |     9 ||     9
  Use: Scroll            |     4 |     4 |     5 ||    13
       Potion            |       |       |     1 ||     1
 Stab: Sleeping          |     1 |       |     2 ||     3
Armor: Skin              |    57 |    40 |    39 ||   136
Dodge: Dodged            |    97 |   105 |    81 ||   283

Table legend: (Time is in decaauts)
 A = Elapsed time spent in this place.
 B = Non-inter-level travel time spent in this place.
 C = Inter-level travel time spent in this place.
 D = Time resting spent in this place.
 E = Time spent auto-exploring this place.
 F = Levels seen in this place.
 G = Mean time per level.
                   A        B        C        D        E       F      G
               +--------+--------+--------+--------+--------+-----+--------+
         Total |   7190 |   6984 |    206 |    516 |   5627 |   7 | 1027.1 |
       Dungeon |   6915 |   6709 |    206 |    516 |   5400 |   6 | 1152.5 |
         Sewer |    275 |    275 |      0 |      0 |    227 |   1 |  275.0 |
               +--------+--------+--------+--------+--------+-----+--------+

Top non-repeatable levels by time:
     D:4: 2047 daAuts
     D:1: 1668 daAuts
     D:3: 1395 daAuts
     D:5: 832 daAuts
     D:2: 662 daAuts
     D:6: 308 daAuts
   Sewer: 275 daAuts
